 Dungeon Crawl Stone Soup version 0.26.0-15-gc6cd9f700b (webtiles) character file.

Game seed: 14440168975779362658

15121 jackrogers the Carver (level 12, -22/115 HPs)
             Began as a Gargoyle Berserker on Jan 17, 2021.
             Was a High Priest of Trog.
             Annihilated by an orc knight
             ... wielding a +0 great sword
              (26 damage)
             ... on level 2 of the Orcish Mines.
             The game lasted 00:24:17 (13588 turns).

jackrogers the Carver (Gargoyle Berserker)         Turns: 13588, Time: 00:24:18

Health: -22/115    AC: 27    Str: 26    XL:     12   Next: 23%
Magic:  12/12      EV:  8    Int:  8    God:    Trog [*****.]
Gold:   1471       SH:  0    Dex: 15    Spells: 11/11 levels left

rFire    . . .     SeeInvis .   J - +1 great sword (flame)
rCold    . . .     Faith    +   (shield currently unavailable)
rNeg     + . .     Spirit   .   Q - +0 plate armour
rPois    ∞         Reflect  .   w - +0 helmet
rElec    +         Harm     .   M - +0 cloak
rCorr    .         Rampage  .   (no gloves)
Will     ++...                  y - +0 pair of boots
Stlth    ..........             e - amulet of faith {Faith, !P}
HPRegen  1.29/turn              l - ring of poison resistance {rPois, !d}
MPRegen  0.13/turn              I - +6 ring of dexterity

@: berserking, regenerating, very quick
A: negative energy resistance 1, electricity resistance, unbreathing,
petrification resistance, miasma immunity, AC +8
a: Renounce Religion, Berserk, Trog's Hand, Brothers in Arms


You were on level 2 of the Orcish Mines.
You worshipped Trog.
Trog was extremely pleased with you.
You visited 3 branches of the dungeon, and saw 14 of its levels.
You also visited: Ossuary.

You collected 1538 gold pieces.
You spent 67 gold pieces at shops.

Inventory:

Hand Weapons
 a - a +0 falchion
 g - a +1 vampiric dagger {!w}
   (You took it off a goblin on level 1 of the Dungeon)
 q - the +6 short sword "Coeram" {elec, rElec rPois Dex+3}
   (You found it on level 6 of the Dungeon)

   Occasionally, upon striking a foe, it can discharge electrical energy and
   cause terrible harm.
   It affects your dexterity (+3).
   It insulates you from electricity.
   It protects you from poison.
 J - a +1 great sword of flaming (weapon)
   (Trog gifted it to you on level 8 of the Dungeon)
 P - a +1 trident
   (Trog gifted it to you on level 10 of the Dungeon)
Missiles
 v - 3 throwing nets {=f, !d}
 O - 7 curare-tipped darts
Armour
 b - a +0 animal skin
 j - a +1 scale mail
   (You found it on level 1 of the Dungeon)
 m - a +0 ring mail
   (You took it off an orc on level 3 of the Dungeon)
 n - a +0 leather armour of cold resistance
   (You took it off an orc on level 3 of the Dungeon)
 w - a +0 helmet (worn)
   (You found it on level 5 of the Dungeon)
 y - a +0 pair of boots (worn)
   (You found it on level 7 of the Dungeon)
 D - a +0 buckler
   (You bought it in a shop on level 7 of the Dungeon)
 M - a +0 cloak (worn)
   (You found it on level 8 of the Dungeon)
 N - a +0 cloak
   (You found it on level 9 of the Dungeon)
 Q - a +0 plate armour (worn)
   (You took it off an orc warrior on level 1 of the Orcish Mines)
 S - a +2 ring mail of fire resistance
   (You found it on level 8 of the Dungeon)
Jewellery
 e - an amulet of faith (around neck) {Faith, !P}
   (You found it on level 2 of the Dungeon)
 l - a ring of poison resistance (left hand) {rPois, !d}
   (You found it on level 2 of the Dungeon)
 C - an uncursed amulet of the acrobat {unknown}
   (You found it on level 7 of the Dungeon)
 G - an uncursed ring of ice {rC+, rF-}
   (You found it on level 8 of the Dungeon)
 I - a +6 ring of dexterity (right hand)
   (You took it off an orc priest on level 8 of the Dungeon)
Wands
 p - a wand of disintegration (17)
   (You found it on level 4 of the Dungeon)
 u - a wand of enslavement (5)
   (You found it on level 5 of the Dungeon)
 F - a wand of polymorph (11)
   (You found it in an ossuary)
 L - a wand of iceblast (14)
   (You found it on level 8 of the Dungeon)
 R - a wand of paralysis (7)
   (You found it on level 10 of the Dungeon)
Scrolls
 o - 3 scrolls of enchant armour
 r - 9 scrolls of remove curse
 s - 2 scrolls of fear
 x - 5 scrolls of teleportation
 B - 2 scrolls of enchant weapon
Potions
 d - 8 potions of curing
 f - 6 potions of flight
 h - 4 potions of haste
 i - 2 potions of mutation {!q}
 k - a potion of resistance
 t - a potion of berserk rage {!q}
 z - 2 potions of might
 A - 2 potions of brilliance
 E - 4 potions of cancellation
 H - 2 potions of attraction {!q}
 K - a potion of lignification {!q}


   Skills:
 + Level 9.6 Fighting
 - Level 14.0 Long Blades
 + Level 9.4 Armour
 - Level 1.5 Dodging
 - Level 2.6 Shields


You had 11 spell levels left.
You didn't know any spells.
Your spell library was empty.

Dungeon Overview and Level Annotations

Branches:
Dungeon (11/15)            Temple (1/1) D:4             Orc (2/2) D:9
Ossuary (visited)
   Lair: D:8-11         Elf: Orc:2

Altars:
Cheibriados
Dithmenos
Hepliaklqana
Kikubaaqudgha
Nemelex Xobeh
Okawaru
Ru
Uskayaw
Wu Jian
Yredelemnul
Zin
The Shining One

Shops:
D:7 ![?*   D:9 !

Annotations:
D:3 1 exclusion, Blork the orc


Innate Abilities, Weirdness & Mutations

You are resistant to torment.
Your stone body is resilient. (AC +8)
You are immune to poison.
You resist negative energy. (rN+)
You are resistant to electric shocks. (rElec)
You can survive without breathing.
You are immune to petrification.
You are immune to miasma.


Message History

Danger x4: orc sorcerer, smoke demon (summoned), orc warrior x2!
Unknown command.
Danger x4: orc sorcerer, smoke demon (summoned), orc warrior x2!
You slash the orc sorcerer! You burn the orc sorcerer.
The sun demon hits you but does no damage.
The orc sorcerer casts a spell at you. The bolt of negative energy misses you.
The orc wizard mumbles some strange words.
The orc wizard seems to speed up.
The sun demon barely misses you.
Danger x4: orc sorcerer, smoke demon (summoned), orc warrior x2!
As you read the scroll of teleportation, it crumbles to dust.
You feel strangely unstable.
The orc wizard gestures at itself while chanting.
The orc wizard flickers and vanishes!
Deactivating autopickup; reactivate with Ctrl-A.
The orc sorcerer casts a spell at you. The bolt of fire hits you.
The sun demon hits you but does no damage.
Danger x5: orc sorcerer, smoke demon (summoned), orc priest, orc warrior x2!
You hit the orc sorcerer. You burn the orc sorcerer.
The orc priest looks braver for a moment.
The orc sorcerer hits you with a +0 dagger.
The sun demon hits you!
You are engulfed in flames!
Danger x5: orc sorcerer, smoke demon (summoned), orc priest, orc warrior x2!
You hit the orc sorcerer but do no damage.
The sun demon hits you but does no damage.
The orc sorcerer casts a spell.
Danger x5: orc sorcerer, smoke demon (summoned), orc priest, orc warrior x2!
Your skin crawls.
You feel strong-willed. The sun demon barely misses you.
You riposte.
You hit the sun demon. The orc sorcerer barely misses you.
The orc warrior hits you but does no damage.
An orc knight comes into view. It is wielding a +0 great sword.
Danger x6: orc sorcerer, smoke demon (summoned), orc knight, orc priest, orc warrior x2!
A red film seems to cover your vision as you go berserk!
You feel yourself moving faster!
You feel mighty!
Your surroundings seem slightly different.
An orc knight comes into view. It is wielding a +0 long sword.
The orc knight shouts!
An orc sorcerer comes into view. It is wielding a +0 dagger.
The orc sorcerer shouts!
You hear a shout! x2
An orc priest comes into view. It is wielding a +0 hand axe.
The smoke demon completely misses you.
You riposte.
You closely miss the smoke demon.
The smoke demon hits you but does no damage. x2
The sun demon barely misses you.
You riposte.
You closely miss the sun demon.
PANIC x9: orc sorcerer x2, smoke demon (summoned), orc knight x2, orc priest x2, orc warrior x2!
You feel a strong urge to attack something.
The orc knight roars a battlecry!
The orcs go into a battle-frenzy!
PANIC x9: orc priest (strong) x2, orc knight (strong), smoke demon (summoned), orc knight, orc warrior (strong) x2, orc sorcerer (strong) x2!
You closely miss the orc sorcerer.
The smoke demon hits you but does no damage.
The smoke demon barely misses you.
The smoke demon hits you but does no damage.
PANIC x9: orc priest (strong) x2, orc knight (strong), smoke demon (summoned), orc knight, orc warrior (strong) x2, orc sorcerer (strong) x2!
You hit the orc sorcerer. You burn the orc sorcerer.
The orc sorcerer hits you with a +0 dagger.
PANIC x9: orc priest (strong) x2, orc knight (strong), smoke demon (summoned), orc knight, orc warrior (strong) x2, orc sorcerer (strong) x2!
You closely miss the orc sorcerer.
The orc knight hits you with a +0 great sword.
The smoke demon hits you.
The smoke demon hits you but does no damage. x2
The sun demon hits you but does no damage.
The orc sorcerer completely misses you.
PANIC x9: orc priest (strong) x2, orc knight (strong), smoke demon (summoned), orc knight, orc warrior (strong) x2, orc sorcerer (strong) x2!
You slice the orc sorcerer!! You burn the orc sorcerer.
You feel the power of Trog in you as your rage grows.
You kill the orc sorcerer!
Trog accepts your kill.
Trog appreciates your killing of a magic user.
The sun demon disappears in a puff of smoke!
The smoke demon disappears in a puff of smoke!
The chaos spawn degenerates into a cloud of primal chaos!
An orc warrior comes into view. It is wielding a +0 scimitar.
PANIC x8: orc priest (strong) x2, orc warrior (wandering, strong), orc knight, orc warrior (strong) x2, orc knight (strong), orc sorcerer (strong)!
The orc warrior shouts!
You carve the orc sorcerer like a ham!!!
You burn the orc sorcerer!
You kill the orc sorcerer!
Trog accepts your kill.
Trog appreciates your killing of a magic user.
You hear some strange, mumbled words.
A puff of frost appears from out of thin air!
The puff of frost misses you.
The orc knight hits you with a +0 great sword!!
* * * LOW HITPOINT WARNING * * *
Danger x7: orc priest (strong) x2, orc warrior (strong) x3, orc knight, orc knight (strong)!
You slash the orc priest! You burn the orc priest.
You kill the orc priest!
Trog accepts your kill. Something hits you but does no damage.
The orc warrior hits you with a +0 long sword!
* * * LOW HITPOINT WARNING * * *
Danger x6: orc knight, orc warrior (strong) x3, orc priest (strong), orc knight (strong)!
You closely miss the orc warrior. Something hits you but does no damage.
The orc knight hits you with a +0 great sword!!
You die...

.# ##..........##.# #.#
.## #..........###.# ##
..# #....#....###..## ..#
##.####...##....# ..#
#...###..#.##...#
..####.###.........#####.
.##.#### ##....).....8....
[[...# #$....[{o...o...
4....#######...o@)oo......
(.#...##.######.#o........
..#.......# ####...8....
4#.....#.## .######..
.##...#### . .o ......#.##
.........# ......#.##
......###


You could see 2 orc knights, 3 orc warriors and an orc priest (strong).

Vanquished Creatures
  Fannar (D:10)
  A two-headed ogre (Orc:2)
  Pikel (D:5)
  An orc knight (Orc:1)
  A deep elf archer (Orc:2)
  6 orc sorcerers
  A deep elf mage (Orc:2)
  5 centaur zombies
  A troll (D:9)
  Grinder (D:6)
  Eustachio (D:4)
  A wyvern (D:9)
  Edmund (D:5)
  2 wargs
  A water moccasin (D:5)
  Duvessa (D:5)
  A phantom (D:8)
  14 orc warriors
  4 ice beasts
  13 ogres
  A necrophage (D:10)
  3 black bears
  7 sky beasts
  6 centaurs
  4 big kobolds
  An elf zombie (Ossuary)
  5 bullfrogs
  A wyvern zombie (D:10)
  Dowan (D:5)
  4 scorpions
  A water moccasin skeleton (D:4)
  A wyvern skeleton (D:6)
  17 killer bees
  A quasit (D:8)
  4 jellies
  A bullfrog zombie (D:10)
  12 orc priests
  5 hounds
  5 orc wizards
  2 bullfrog skeletons
  A centaur skeleton (D:4)
  A gnoll shaman (D:6)
  3 iguanas
  5 worker ants
  3 ogre zombies (Ossuary)
  7 mummies (Ossuary)
  9 gnolls
  6 adders
  3 white imps (D:7)
  3 ufetubi
  2 oozes
  2 adder zombies (Ossuary)
  An adder skeleton (D:9)
  3 dart slugs
  5 leopard geckos
  61 orcs
  5 bats
  5 giant cockroaches
  3 goblins
  6 hobgoblins
  16 jackals
  26 kobolds
  2 quokkas
  A ball python (D:3)
  4 frilled lizards
  A gnoll zombie (Ossuary)
  3 goblin zombies (Ossuary)
  6 hobgoblin zombies (Ossuary)
  2 kobold zombies (Ossuary)
  A leopard gecko skeleton (D:4)
  3 orc zombies (Ossuary)
  5 quokka zombies
  6 rats
  4 rat zombies (Ossuary)
  A spectral orc (D:8)
355 creatures vanquished.

Vanquished Creatures (collateral kills)
  A deep elf mage (Orc:2)
  An orc warrior (Orc:2)
2 creatures vanquished.

Vanquished Creatures (others)
  Sigmund (D:3)
  An orc (D:8)
  A plant (D:4)
3 creatures vanquished.

Grand Total: 360 creatures vanquished

Notes
Turn   | Place    | Note
-------+----------+-------------------------------------------
     0 | D:1      | jackrogers the Gargoyle Berserker began the quest for the
                  | Orb.
     0 | D:1      | Reached XP level 1. HP: 14/14 MP: 1/1
   148 | D:1      | Reached skill level 3 in Long Blades
   166 | D:1      | Reached XP level 2. HP: 19/19 MP: 2/2
   697 | D:1      | Reached XP level 3. HP: 23/23 MP: 3/3
  1026 | D:2      | Reached skill level 4 in Long Blades
  1106 | D:2      | Reached ** piety under Trog
  1209 | D:2      | Found a sparkling altar of Nemelex Xobeh.
  1417 | D:3      | Noticed Sigmund
  1422 | D:3      | Reached XP level 4. HP: 20/28 MP: 4/4
  1444 | D:3      | Killed Sigmund
  1445 | D:3      | Reached skill level 5 in Long Blades
  1445 | D:3      | Reached XP level 5. HP: 15/32 MP: 5/5
  1627 | D:2      | Reached XP level 6. HP: 27/37 MP: 6/6
  1921 | D:3      | Reached skill level 6 in Long Blades
  2130 | D:3      | Found a snail-covered altar of Cheibriados.
  2149 | D:3      | HP: 9/55 [orc priest/divine providence (9)]
  2543 | D:3      | Reached *** piety under Trog
  2611 | D:3      | Noticed Blork the orc
  2784 | D:4      | Found a sparkling altar of Nemelex Xobeh.
  2829 | D:4      | Found a staircase to the Ecumenical Temple.
  2838 | D:4      | Noticed Eustachio
  2850 | D:4      | Reached skill level 7 in Long Blades
  2850 | D:4      | Reached XP level 7. HP: 41/41 MP: 7/7
  2854 | Temple   | Entered the Ecumenical Temple
  2902 | D:4      | Killed Eustachio
  3332 | D:4      | Found an iron altar of Okawaru.
  3332 | D:4      | Found a hide-covered altar of Uskayaw.
  3478 | D:5      | Entered Level 5 of the Dungeon
  3484 | D:5      | Noticed Duvessa
  3484 | D:5      | Noticed Dowan
  3496 | D:5      | Reached skill level 8 in Long Blades
  3500 | D:5      | Killed Duvessa
  3508 | D:5      | Killed Dowan
  3509 | D:5      | Reached XP level 8. HP: 46/46 MP: 8/8
  3858 | D:5      | Found an ornate altar of the Wu Jian Council.
  3882 | D:5      | Found a sacrificial altar of Ru.
  3964 | D:5      | Noticed Pikel
  3975 | D:5      | Killed Pikel
  3976 | D:5      | Reached skill level 10 in Long Blades
  4097 | D:5      | Noticed Edmund
  4122 | D:5      | Killed Edmund
  4250 | D:5      | Reached XP level 9. HP: 33/51 MP: 9/9
  4394 | D:6      | Reached skill level 11 in Long Blades
  4690 | D:6      | Found an ornate altar of the Wu Jian Council.
  5017 | D:6      | Noticed Grinder
  5052 | D:6      | Killed Grinder
  5052 | D:6      | Reached **** piety under Trog
  5428 | D:6      | Reached skill level 12 in Long Blades
  5637 | D:6      | Got a crystal short sword
  5638 | D:6      | Identified the +6 short sword "Coeram" {elec, rElec rPois
                  | Dex+3} (You found it on level 6 of the Dungeon)
  5656 | D:7      | Found Minlosupp's General Store.
  5768 | D:7      | Found an ancient bone altar of Kikubaaqudgha.
  5796 | D:7      | Reached skill level 3 in Armour
  6177 | D:7      | Reached skill level 4 in Fighting
  6266 | D:7      | Found a hazy altar of Hepliaklqana.
  6267 | D:7      | Found a shadowy altar of Dithmenos.
  6320 | D:7      | Found Igexof's Distillery.
  6353 | D:7      | Reached XP level 10. HP: 54/57 MP: 10/10
  6500 | D:7      | Found Bias's Magic Scroll Emporium.
  6625 | D:7      | Reached skill level 4 in Armour
  6639 | D:7      | Found Qafula's Armour Shoppe.
  6764 | D:7      | Bought a +0 buckler for 67 gold pieces
  7229 | D:8      | Reached ***** piety under Trog
  7243 | D:8      | Reached skill level 5 in Fighting
  7243 | D:8      | Reached skill level 1 in Shields
  7292 | D:8      | Found a sand-covered staircase.
  7295 | Ossuary  | Entered an ossuary
  7721 | Ossuary  | Reached skill level 2 in Shields
  7950 | D:8      | Received a gift from Trog
  8230 | D:8      | Found a glowing silver altar of Zin.
  8440 | D:8      | Found a basalt altar of Yredelemnul.
  8775 | D:9      | Reached skill level 5 in Armour
  9030 | D:9      | Found a glowing golden altar of the Shining One.
  9154 | D:9      | Reached skill level 6 in Fighting
  9340 | D:9      | Reached skill level 13 in Long Blades
  9395 | D:9      | Found a staircase to the Orcish Mines.
  9590 | D:9      | Found Fogavet's Distillery.
  9739 | D:10     | Entered Level 10 of the Dungeon
  9756 | D:10     | Reached XP level 11. HP: 44/66 MP: 11/11
  9896 | D:10     | Reached skill level 6 in Armour
  9932 | D:10     | Received a gift from Trog
  9962 | D:10     | Noticed Fannar
  9974 | D:10     | Killed Fannar
 10329 | D:10     | Reached skill level 7 in Fighting
 11747 | Orc:1    | Entered Level 1 of the Orcish Mines
 11763 | Orc:1    | Reached skill level 7 in Armour
 12077 | Orc:2    | Entered Level 2 of the Orcish Mines
 12125 | Orc:2    | Noticed an orc sorcerer
 12131 | Orc:2    | Killed an orc sorcerer
 12315 | Orc:1    | Reached ****** piety under Trog
 12337 | Orc:1    | Noticed an orc knight
 12337 | Orc:1    | Noticed an orc sorcerer
 12342 | Orc:1    | Noticed a sixfirhy
 12492 | Orc:1    | Killed an orc knight
 12497 | Orc:1    | Killed an orc sorcerer
 12498 | Orc:1    | Reached skill level 8 in Fighting
 12498 | Orc:1    | Reached skill level 14 in Long Blades
 13022 | Orc:2    | Noticed a deep elf mage
 13022 | Orc:2    | Noticed a deep elf mage
 13023 | Orc:2    | Noticed a deep elf archer
 13023 | Orc:2    | Noticed a deep elf mage
 13024 | Orc:2    | Noticed an orc sorcerer
 13024 | Orc:2    | Noticed a two-headed ogre
 13024 | Orc:2    | Noticed an orc sorcerer
 13029 | Orc:2    | Noticed an orc sorcerer
 13038 | Orc:2    | HP: 14/68 [deep elf archer/arrow (13)]
 13043 | Orc:2    | HP: 11/68 [deep elf mage/bolt of lightning (9)]
 13094 | Orc:2    | Killed a deep elf mage
 13106 | Orc:2    | Killed a two-headed ogre
 13107 | Orc:2    | Reached skill level 8 in Armour
 13114 | Orc:2    | Killed a deep elf mage
 13115 | Orc:2    | Reached XP level 12. HP: 62/75 MP: 12/12
 13209 | Orc:2    | Reached skill level 9 in Fighting
 13295 | Orc:2    | HP: 17/76 [fire elemental[a deep elf mage] (3)]
 13436 | Orc:2    | Reached skill level 9 in Armour
 13565 | Orc:2    | Noticed a sun demon
 13586 | Orc:2    | HP: 16/114 [orc knight/+0 great sword (33)]
 13587 | Orc:2    | HP: 3/114 [orc warrior/+0 long sword (14)]
 13588 | Orc:2    | Annihilated by an orc knight

Illustrated notes

Levels and vault maps discovered:
D:1:      dpeg_arrival_ternary, layout_basic, serial_bayou_lagoon_b
D:2:      layout_loops_cross, nemelex_dance_club_becter
D:3:      layout_basic, tgw_sif, kennysheep_slug_shrine, uniq_sigmund
D:4:      layout_gridville, nemelex_xobeh_ov_fountains_minmay,
          gammafunk_temple_overflow_elements,
          minmay_temple_entry_gardened_gates, uniq_eustachio
D:5:      layout_rooms, nicolae_ru_the_path_less_chosen, basic_altar,
          uniq_pikel, uniq_duvessa, uniq_edmund
D:6:      layout_basic, kennysheep_mini, serial_corexii_hall,
          corexii_hall_statues_s, corexii_hall_statues_i,
          corexii_hall_statues_deadend, chequers_hall_statues_y,
          uniq_blork_the_orc, uniq_grinder
D:7:      layout_loops_corners, riverfiend_overflow_shadow_ancestor,
          lemuel_crystal_altar, serial_shops, shop, nicolae_shop_crystal, shop,
          shop, serial_glass, glass_columns_a, glass_columns_a, glass_columns_a,
          glass_columns_b, glass_columns_a, glass_columns_a, feat_on_display,
          item_on_display_a, due_unseen_surprise
D:8:      layout_basic, yredelemnul_forgotten_temple_becter, zin_statuary,
          nicolae_ossuary_entry_false_entrances, hex_medium, grunt_ministairs_1
D:9:      layout_basic, tso_altar, orc_0_dummy, serial_shops, shop,
          nrook_campfire
D:10:     layout_roguey [special_room_orc], minmay_misc_feat_ornament,
          chequers_garden, uniq_fannar
D:11:     layout_rooms, lair_entry_dummy
Temple:   jpeg_temple_island
Orc:1:    layout_caves, enter_bailey_4
Orc:2:    grunt_orc_cross, layout_caves, elf_legates

Skill      XL: |  1  2  3  4  5  6  7  8  9 10 11 12 |
---------------+-------------------------------------+-----
Long Blades    | 3 4 5 7 8 10 12 13 14 | 14.0
Armour         | 3 5 8 9 |  9.4
Fighting       | 4 6 8 9 |  9.6
Shields        | 2 |  2.6
Dodging        | |  1.5

Action                   |  1- 3 |  4- 6 |  7- 9 | 10-12 || total
-------------------------+-------+-------+-------+-------++-------
Melee: Falchion          |    24 |   105 |   325 |       ||   454
       Dagger            |   145 |    33 |       |       ||   178
       Short sword       |       |       |    46 |   204 ||   250
       Great sword       |       |       |       |   405 ||   405
Invok: Berserk           |       |     3 |     6 |    11 ||    20
       Trog's Hand       |       |       |       |     3 ||     3
       Brothers in Arms  |       |       |       |     1 ||     1
  Use: Scroll            |     6 |     3 |     7 |    10 ||    26
       Potion            |       |       |       |     4 ||     4
Armor: Animal skin       |     8 |       |       |       ||     8
       Scale mail        |    66 |    72 |   155 |       ||   293
       Ring mail         |       |       |    21 |   297 ||   318
       Skin              |       |       |       |     9 ||     9
       Plate armour      |       |       |       |    70 ||    70
Dodge: Dodged            |   113 |    90 |   143 |   347 ||   693
Block: Buckler           |       |       |       |     8 ||     8
       Rpst.: Falchion   |    10 |    20 |    36 |       ||    66
       Great sword       |       |       |       |    78 ||    78

Table legend: (Time is in decaauts)
 A = Elapsed time spent in this place.
 B = Non-inter-level travel time spent in this place.
 C = Inter-level travel time spent in this place.
 D = Time resting spent in this place.
 E = Time spent auto-exploring this place.
 F = Levels seen in this place.
 G = Mean time per level.
                   A        B        C        D        E       F      G
               +--------+--------+--------+--------+--------+-----+--------+
         Total |  13619 |  12746 |    873 |   3619 |   6714 |  15 |  907.9 |
       Dungeon |  11235 |  10400 |    835 |   2862 |   5736 |  11 | 1021.4 |
        Temple |     54 |     54 |      0 |     53 |      0 |   1 |   54.0 |
  Orcish Mines |   1866 |   1828 |     38 |    661 |    718 |   2 |  933.0 |
       Ossuary |    463 |    463 |      0 |     41 |    260 |   1 |  463.0 |
               +--------+--------+--------+--------+--------+-----+--------+

Top non-repeatable levels by time:
    D:10: 1833 daAuts
     D:7: 1522 daAuts
     D:6: 1186 daAuts
     D:9: 1178 daAuts
     D:3: 1065 daAuts
     D:8: 1059 daAuts
   Orc:2: 983 daAuts
     D:2: 933 daAuts
     D:5: 912 daAuts
   Orc:1: 883 daAuts
     D:1: 799 daAuts
     D:4: 716 daAuts
 Ossuary: 463 daAuts
  Temple: 54 daAuts
    D:11: 27 daAuts

Table legend:
 A = Kills in this place as a percentage of kills in entire the game.
 B = Kills by you in this place as a percentage of kills by you in the entire game.
 C = Kills by friends in this place as a percentage of kills by friends in the entire game.
 D = Other kills in this place as a percentage of other kills in the entire game.
 E = Experience gained in this place as a percentage of experience gained in the entire game.
 F = Experience gained in this place divided by the number of levels of this place that you have seen.
                   A       B       C       D       E      F
               +-------+-------+-------+-------+-------+----------------------
         Total | 100.0 | 100.0 | 100.0 | 100.0 | 100.0 | 1440.1
       Dungeon |  75.4 |  75.8 |   0.0 | 100.0 |  58.8 | 1154.3
  Orcish Mines |  14.2 |  13.8 | 100.0 |   0.0 |  39.3 | 4240.0
       Ossuary |  10.3 |  10.4 |   0.0 |   0.0 |   2.0 | 425.0
               +-------+-------+-------+-------+-------+----------------------
